 Dungeon Crawl Stone Soup version 0.29.1-2-gbd0b4ee654 (webtiles) character file.

Game seed: 4464928664921230735

723 Avanven the Carver (level 7, 0/50 HPs)
             Began as a Demonspawn Gladiator on Nov 6, 2022.
             Slain by an ice beast (8 damage)
             ... on level 4 of the Dungeon.
             The game lasted 00:10:41 (4278 turns).

Avanven the Carver (Demonspawn Gladiator)           Turns: 4278, Time: 00:10:42

Health: 0/50       AC:  6    Str: 15    XL:     7   Next: 43%
Magic:  7/7        EV: 13    Int:  9    God:
Gold:   238        SH:  0    Dex: 16    Spells: 6/6 levels left

rFire   . . .      SeeInvis .   a - +0 long sword
rCold   . . .      Faith    .   (no shield)
rNeg    . . .      Spirit   .   b - +0 leather armour
rPois   .          Reflect  .   c - +0 helmet
rElec   .          Harm     .   (no cloak)
rCorr   .          Rampage  .   g - +0 pair of gloves
Will    .....                   j - +0 pair of boots
Stlth   +.........              (no amulet)
HPRegen 0.16/turn               (no ring)
MPRegen 0.10/turn               (no ring)

@: no status effects
A: ignite blood 1, powered by pain 1, sturdy frame 1, weakness stinger 2
a: no special abilities


You were on level 4 of the Dungeon.
You visited 1 branch of the dungeon, and saw 4 of its levels.

You collected 238 gold pieces.

Inventory:

Hand Weapons
 a - a +0 long sword (weapon)
Missiles
 d - 2 throwing nets
 e - 5 javelins
 f - 16 poisoned darts
 n - 3 curare-tipped darts (quivered)
Armour
 b - a +0 leather armour (worn)
 c - a +0 helmet (worn)
 g - a +0 pair of gloves (worn)
 j - a +0 pair of boots (worn)
Scrolls
 h - 2 scrolls of teleportation
 i - a scroll of immolation {unknown}
 l - a scroll of vulnerability {unknown}
Potions
 k - a potion of magic
 m - a potion of cancellation


   Skills:
 - Level 2.0 Fighting
 * Level 8.1 Long Blades
 - Level 1.7 Throwing
 + Level 2.7 Dodging


You had 6 spell levels left.
You didn't know any spells.
Your spell library contained the following spells:

 Spells                   Type           Power      Damage    Failure   Level
 Ensorcelled Hibernation  Hex/Ice        0%         N/A       54%         2
 Spider Form              Tmut/Pois      0%         N/A       77%         3
 Anguish                  Hex/Necr       0%         N/A       99%         4


Dungeon Overview and Level Annotations

Branches:
Dungeon (4/15)
 Temple: D:4-7

Altars:
Yredelemnul

Annotations:
D:4 1 runed translucent door, H0rd4k's ghost, amateur OpAr


Innate Abilities, Weirdness & Mutations

Your demonic aura sometimes causes spilled blood to erupt in flames.
You sometimes gain a little power by taking damage.
Your movements are slightly less encumbered by armour. (ER -2)
You have a tail ending in a sharp stinger.


Message History

The curare-tipped dart hits the ice beast.
Throw: 4 darts (curare)
Press: ? - help, Q - select action, (/) - cycle Shift-Dir - straight line, f/p - ice beast
Aim: an ice beast (60% to hit)
You throw a curare-tipped dart.
The curare-tipped dart closely misses the ice beast.
The curare-tipped dart hits the orc.
The orc is poisoned.
The orc convulses.
The orc seems to slow down.
The orc is almost dead.
You kill the orc!
The ice beast barely misses you.
You hit the ice beast but do no damage.
The ice beast hits you but does no damage.
You slash the ice beast!
You tail-slap the ice beast, but do no damage.
The ice beast is moderately wounded.
The ice beast hits you. The ice beast freezes you!
You closely miss the ice beast.
You tail-slap the ice beast, but do no damage.
The ice beast is moderately wounded.
The ice beast hits you but does no damage.
You slash the ice beast!
The ice beast is heavily wounded.
The ice beast hits you. The ice beast freezes you!
You hit the ice beast. You tail-slap the ice beast.
The ice beast is almost dead.
The ice beast closely misses you.
You hit the ice beast.
The ice beast is almost dead.
The ice beast hits you. The ice beast freezes you!
* * * LOW HITPOINT WARNING * * *
You closely miss the ice beast.
The ice beast is almost dead.
The ice beast closely misses you.
You hit the ice beast but do no damage.
The ice beast is almost dead.
The ice beast hits you.
* * * LOW HITPOINT WARNING * * *
The ice beast freezes you!
You die...

.....##.#######........#
.......<# #...#######
####..)#######.### #
###..#.......# ##.........#
##........######## ..
####).............#####...
##.....#####.#####.........
##...<.## #@# ##........
####..##### #Y# ##..####...
.....## #o####..## ##...#
#o.......#
...##############.......#
######.....#......###o..#
8♣###........(....###...#
?.##...............##...#
+###...............##...#


You could see an ice beast and 2 orcs.

Vanquished Creatures
  Pikel (D:4)
  4 lemures
  A scorpion (D:4)
  The ghost of radzia the Ruffian, a weakling VSBe of Trog (D:3)
  A jelly (D:4)
  An orc priest (D:3)
  5 adders
  An ufetubus (D:4)
  A worm (D:2)
  A dart slug (D:3)
  3 orcs
  3 ball pythons (D:1)
  5 endoplasms
  6 goblins
  11 hobgoblins
  4 jackals (D:1)
  2 quokkas (D:1)
  8 bats
  4 frilled lizards
  13 kobolds
  8 rats
84 creatures vanquished.

Vanquished Creatures (others)
  16 plants (D:1)
16 creatures vanquished.

Grand Total: 100 creatures vanquished

Notes
Turn   | Place    | Note
-------+----------+-------------------------------------------
     0 | D:1      | Avanven the Demonspawn Gladiator began the quest for the
                  | Orb.
     0 | D:1      | Reached XP level 1. HP: 16/16 MP: 1/1
   184 | D:1      | Reached skill level 3 in Long Blades
   205 | D:1      | Gained mutation: You have a small tail. [demonic ancestry]
   205 | D:1      | Reached XP level 2. HP: 17/22 MP: 2/2
   819 | D:1      | Gained mutation: Your movements are slightly less
                  | encumbered by armour. (ER -2) [demonic ancestry]
   819 | D:1      | Reached XP level 3. HP: 21/27 MP: 3/3
  1260 | D:2      | Reached skill level 4 in Long Blades
  1627 | D:2      | Reached XP level 4. HP: 30/33 MP: 4/4
  1993 | D:2      | Found a faded altar of an unknown god.
  2325 | D:3      | Reached skill level 5 in Long Blades
  2550 | D:3      | Found a faded altar of an unknown god.
  2558 | D:3      | Found a basalt altar of Yredelemnul.
  2637 | D:3      | Gained mutation: You have a tail ending in a sharp stinger.
                  | [demonic ancestry]
  2637 | D:3      | Reached XP level 5. HP: 38/38 MP: 5/5
  2951 | D:3      | Found a runed translucent door.
  2952 | D:3      | Noticed radzia's ghost (weakling VSBe)
  2970 | D:3      | Killed radzia's ghost
  3255 | D:4      | Reached skill level 6 in Long Blades
  3368 | D:4      | Gained mutation: You sometimes gain a little power by
                  | taking damage. [demonic ancestry]
  3368 | D:4      | Reached XP level 6. HP: 44/44 MP: 6/6
  3403 | D:4      | Found a runed translucent door.
  3755 | D:4      | Noticed Pikel
  3875 | D:4      | Killed Pikel
  3876 | D:4      | Reached skill level 8 in Long Blades
  3876 | D:4      | Gained mutation: Your demonic aura sometimes causes spilled
                  | blood to erupt in flames. [demonic ancestry]
  3876 | D:4      | Reached XP level 7. HP: 22/50 MP: 7/7
  4078 | D:4      | Noticed H0rd4k's ghost (amateur OpAr)
  4278 | D:4      | Slain by an ice beast

Illustrated notes

Levels and vault maps discovered:
D:1:      roderic_crop_circles_arrival_small, layout_rooms,
          minmay_close_crescents
D:2:      layout_rooms, dreamdust_ecumenical_altar_hidden_monk_grotto,
          minmay_misc_feat_square, minmay_misc_feat_secret_circle
D:3:      layout_basic, nicolae_overflow_ecumenical_swirl,
          ebering_ghost_reflecting_pool
D:4:      layout_rooms, gammafunk_ghost_grave, uniq_pikel

Skill      XL: |  1  2  3  4  5  6 |
---------------+-------------------+-----
Long Blades    | 3 4 5 6 8 |  8.1
Fighting       | |  2.0
Throwing       | |  1.7
Dodging        | |  2.7

Action                   |  1- 3 |  4- 6 |  7- 9 || total
-------------------------+-------+-------+-------++-------
Melee: Long sword        |   134 |   144 |     9 ||   287
       Tailslap          |     6 |    21 |     3 ||    30
       Punch             |       |     1 |       ||     1
Throw: Dart              |       |     3 |     3 ||     6
       Javelin           |       |     9 |       ||     9
       Throwing net      |       |     5 |       ||     5
  Use: Scroll            |     7 |     5 |       ||    12
       Potion            |       |     4 |       ||     4
 Stab: Sleeping          |     1 |       |       ||     1
Armor: Leather armour    |    54 |    44 |     2 ||   100
       Skin              |       |     3 |       ||     3
Dodge: Dodged            |   104 |    89 |     3 ||   196
